 Dungeon Crawl Stone Soup version 0.27.1 (webtiles) character file.

Game seed: 12690516179294019528

2491 MajorAdolf the Skirmisher (level 9, -17/80 HPs)
             Began as a Naga Wanderer on Aug 22, 2021.
             Demolished by a two-headed ogre (26 damage)
             ... on level 7 of the Dungeon.
             The game lasted 00:22:26 (9597 turns).

MajorAdolf the Skirmisher (Naga Wanderer)           Turns: 9597, Time: 00:22:26

Health: -17/80     AC:  9    Str: 10    XL:     9   Next: 52%
Magic:  3/13       EV: 10    Int: 17    God:
Gold:   294        SH:  0    Dex: 12    Spells: 3/14 levels left

rFire    . . .     SeeInvis +   b - +2 whip (flame)
rCold    . . .     Faith    .   (no shield)
rNeg     . . .     Spirit   .   o - +0 robe
rPois    +         Reflect  .   c - +0 helmet
rElec    .         Harm     .   h - +0 cloak
rCorr    .         Rampage  .   u - +2 pair of gloves
Will     +....     Rnd*Rage +   (no barding)
Stlth    ++........             (no amulet)
HPRegen  0.23/turn              d - ring of wizardry
MPRegen  0.13/turn              (no ring)

@: very slow
A: AC +3, large, see invisible, deformed body, poison resistance, slowness 2,
spit poison 2, naga tail 1, berserk 1, weak 1, MP-powered wands
a: Breathe Poison Gas


You were on level 7 of the Dungeon.
You visited 1 branch of the dungeon, and saw 7 of its levels.
You also visited: Sewer.

You collected 294 gold pieces.

Inventory:

Hand Weapons
 a - a +2 mace
 b - a +2 whip of flaming (weapon)
Missiles
 m - 2 throwing nets
Armour
 c - a +0 helmet (worn)
 h - a +0 cloak (worn)
 o - a +0 robe (worn)
 u - a +2 pair of gloves (worn)
Magical Staves
 k - a staff of fire
Jewellery
 d - a ring of wizardry (left hand)
Wands
 y - a wand of charming (4)
Scrolls
 j - a scroll of amnesia
 l - a scroll of noise
 q - a scroll of identify
 v - a scroll of vulnerability {unknown}
 x - a scroll of summoning {unknown}
 z - 2 scrolls of enchant weapon {unknown}
Potions
 g - a potion of brilliance
 i - 2 potions of flight
 s - a potion of mutation
 t - a potion of cancellation
 w - a potion of curing {unknown}


   Skills:
 + Level 4.9 Fighting
 - Level 2.0 Short Blades
 + Level 4.3(4.5) Axes
 - Level 2.0(3.4) Maces & Flails
 - Level 2.0 Armour
 + Level 3.5 Dodging
 - Level 1.5 Stealth
 + Level 3.0 Spellcasting
 - Level 3.0 Conjurations
 + Level 3.2 Transmutations
 + Level 3.4 Fire Magic
 - Level 3.0 Air Magic
 + Level 2.0 Earth Magic
 + Level 4.4 Poison Magic
 + Level 3.5 Evocations


You had 3 spell levels left.
You knew the following spells:

 Your Spells              Type           Power      Damage    Failure   Level
a - Ignite Poison         Fire/Tmut/Pois 15%        N/A       4%          3
b - Mephitic Cloud        Conj/Pois/Air  14%        N/A       4%          3
c - Bolt of Magma         Conj/Fire/Erth 6%         4d6       50%         5

Your spell library contained the following spells:

 Spells                   Type           Power      Damage    Failure   Level
 Beastly Appendage        Tmut           26%        N/A       1%          1
 Wereblood                Tmut           13%        N/A       2%          2
 Passwall                 Tmut/Erth      9%         N/A       3%          2
 Spider Form              Tmut/Pois      7%         N/A       4%          3
 Swiftness                Air            12%        N/A       6%          3
 Corona                   Hex            2%         N/A       7%          1
 Summon Small Mammal      Summ           8%         N/A       7%          1
 Ensorcelled Hibernation  Hex/Ice        4%         N/A       11%         2
 Call Canine Familiar     Summ           2%         N/A       21%         3
 Gell's Gravitas          Tloc           1%         N/A       21%         3
 Lesser Beckoning         Tloc           1%         N/A       21%         3
 Summon Guardian Golem    Hex/Summ       2%         N/A       21%         3
 Teleport Other           Tloc           2%         N/A       21%         3
 Tukima's Dance           Hex            2%         N/A       21%         3
 Invisibility             Hex            1%         N/A       100%        6


Dungeon Overview and Level Annotations

Branches:
Dungeon (7/15)             Temple (0/1) D:6           Sewer (visited)

Altars:
Ashenzari
Dithmenos
Nemelex Xobeh
Zin
The Shining One

Shops:
D:2 =   D:4 =

Annotations:
D:4 3 runed translucent doors, jazmu's ghost, amateur DsFi
D:6 Eustachio


Innate Abilities, Weirdness & Mutations

Your serpentine skin is tough. (AC +3)
You have supernaturally acute eyesight. (SInv)
Armour fits poorly on your strangely shaped body.
Your system is resistant to poisons. (rPois)
You cover ground very slowly.
You can exhale a cloud of poison.
You have a snake-like lower body.
You tend to lose your temper in combat.
You are weak. (Str -2)
You expend magic power (3 MP) to strengthen your wands.


Message History

The white imp gestures at you. The puff of frost hits your ice beast.
Your ice beast completely resists.
The two-headed ogre misses your ice beast.
The two-headed ogre barely misses your ice beast.
Your ice beast hits the white imp.
Your ice beast freezes the white imp.
The white imp resists.
It was a potion of cancellation.
Your magical effects are unravelling.
You feel magically purged.
Your magical contamination has completely faded away.
You float gracefully downwards.
You flicker back into view.
You feel a little less clever now.
The white imp hits your ice beast but does no damage.
Your ice beast hits the white imp.
The white imp dies!
You feel less attractive to monsters.
The two-headed ogre hits your ice beast with a +0 giant club!! x2
Your ice beast dies!
Casting: Mephitic Cloud (dangerous; 4% risk of failure)
Confirm with . or Enter, or press ? or * to list all spells.
Aiming: Mephitic Cloud (dangerous; 4% risk of failure)
Press: ? - help, Shift-Dir - straight line The ball explodes into a vile cloud!
The stinking cloud engulfs the two-headed ogre but does no damage.
The two-headed ogre is engulfed in noxious fumes. x2
Unknown command.
Casting: Mephitic Cloud (dangerous; 4% risk of failure)
Confirm with . or Enter, or press ? or * to list all spells.
Okay, then.
Okay, then.
Okay, then.
You hit the two-headed ogre but do no damage.
The two-headed ogre is lightly wounded.
Unknown command.
You hit the two-headed ogre but do no damage.
The two-headed ogre is lightly wounded.
The two-headed ogre is engulfed in noxious fumes.
The two-headed ogre hits you with a +0 giant club!!
You die...

##..Y.......S.#
.#.#####5#... .....
.!.# #.#.# ..... .###
#..)# #..## .#
##..####...# # .##
#.###.....# #.. ..##
#†###.#.#.##...# #..#
####.....#)#....##
##.###.....#.)..@.....#
#............#°O#####.#
...##.####.#.#○##
##.#..# #..#.°°# #...##
#.###..O. ...# #.
#..... ###. .. ......
##. ... ###.....
#......


You could see a two-headed ogre.

Vanquished Creatures
  Pikel (D:3)
  A water moccasin (D:7)
  An ice beast (D:7)
  2 necrophages
  An ogre (D:5)
  3 centaurs (D:7)
  A phantom (D:5)
  5 kobold brigands (Sewer)
  2 scorpions
  2 wyvern zombies
  3 hounds (D:5)
  A centaur zombie (D:5)
  A jelly (D:5)
  An orc priest (D:4)
  A centaur skeleton (D:4)
  3 iguanas
  6 orc wizards
  Robin (D:3)
  9 adders
  7 gnolls
  5 river rats
  A white imp (D:5)
  3 ufetubi
  11 worms
  3 dart slugs
  8 orcs
  9 bats
  10 endoplasms
  3 giant cockroaches
  16 goblins
  7 hobgoblins
  9 kobolds
  3 quokkas
  6 ball pythons
  A frilled lizard (D:1)
  10 rats
157 creatures vanquished.

Vanquished Creatures (collateral kills)
  A white imp (D:7)
1 creature vanquished.

Vanquished Creatures (others)
  An ice beast (D:7)
  A jelly (D:7)
2 creatures vanquished.

Grand Total: 160 creatures vanquished

Notes
Turn   | Place    | Note
-------+----------+-------------------------------------------
     0 | D:1      | MajorAdolf the Naga Wanderer began the quest for the Orb.
     0 | D:1      | MajorAdolf set off with the following items: a +2 mace, a
                  | +0 ring mail, a potion of lignification
     0 | D:1      | Reached XP level 1. HP: 19/19 MP: 1/1
   151 | D:1      | Reached XP level 2. HP: 26/26 MP: 2/2
   692 | D:1      | Reached skill level 1 in Axes
   857 | D:1      | Reached XP level 3. HP: 33/33 MP: 3/3
   881 | D:1      | Found a faded altar of an unknown god.
  1303 | D:2      | Reached skill level 1 in Dodging
  1415 | D:2      | Reached XP level 4. HP: 8/40 MP: 4/4
  2314 | D:2      | Found Wufimefa's Jewellery Shoppe.
  2847 | D:3      | Reached XP level 5. HP: 41/49 MP: 5/5
  3174 | D:3      | Noticed Robin
  3616 | D:3      | Learned a level 3 spell: Ignite Poison
  3864 | D:4      | Noticed a necrophage
  3900 | D:3      | Killed a necrophage
  3901 | D:3      | Reached skill level 1 in Poison Magic
  3901 | D:3      | Reached XP level 6. HP: 22/56 MP: 6/6
  4495 | D:3      | Learned a level 3 spell: Mephitic Cloud
  4523 | D:4      | Reached skill level 1 in Fire Magic
  5040 | D:4      | Noticed Pikel
  5049 | D:3      | Found a glowing silver altar of Zin.
  5049 | D:3      | Found a sparkling altar of Nemelex Xobeh.
  5049 | D:3      | Found a glowing golden altar of the Shining One.
  5049 | D:3      | Found a shadowy altar of Dithmenos.
  5053 | D:3      | Killed Robin
  5067 | D:3      | Reached skill level 1 in Transmutations
  5307 | D:3      | Reached skill level 1 in Spellcasting
  5637 | D:3      | Killed Pikel
  5638 | D:3      | Reached skill level 1 in Conjurations
  5638 | D:3      | Reached skill level 1 in Air Magic
  5638 | D:3      | Reached XP level 7. HP: 20/64 MP: 0/9
  5962 | D:4      | Reached XP level 8. HP: 61/72 MP: 0/10
  6147 | D:4      | Found Unu Naus's Jewellery Shop.
  6353 | D:4      | Found a runed translucent gate.
  6354 | D:4      | Found a runed translucent gate.
  6355 | D:4      | Found a runed translucent gate.
  6356 | D:4      | Noticed jazmu's ghost (amateur DsFi)
  6574 | D:5      | Entered Level 5 of the Dungeon
  6840 | D:4      | Learned a level 5 spell: Bolt of Magma
  7157 | D:5      | Found a broken altar of Ashenzari.
  7735 | D:6      | Reached skill level 1 in Earth Magic
  7735 | D:6      | Noticed Eustachio
  7765 | D:6      | Found a glowing drain.
  7810 | Sewer    | Entered a sewer
  8057 | Sewer    | Reached XP level 9. HP: 79/79 MP: 5/12
  9586 | D:7      | Noticed a two-headed ogre
  9592 | D:7      | Gained mutation: You tend to lose your temper in combat.
                  | [potion of mutation]
  9592 | D:7      | Gained mutation: You can exhale a cloud of poison. [potion
                  | of mutation]
  9592 | D:7      | Gained mutation: You are weak. (Str -2) [potion of
                  | mutation]
  9592 | D:7      | Gained mutation: You expend magic power (3 MP) to
                  | strengthen your wands. [potion of mutation]
  9597 | D:7      | Demolished by a two-headed ogre

Illustrated notes

Levels and vault maps discovered:
D:1:      nzn_arrival_depleted_hourglass, layout_basic,
          ebering_ecumenical_altar_sacrificial
D:2:      layout_rooms, serial_shops, nicolae_shop_statue_plus,
          amcnicky_mini_rare_corridor_liquid
D:3:      layout_basic, chequers_temple_overflow_statue_of_worship, uniq_robin
D:4:      layout_rooms, gammafunk_ghost_necromancy, serial_shops,
          nicolae_shop_stone, uniq_pikel
D:5:      layout_cave_pools, marbit_many_paths, minmay_fractal_squares_gapless_5
D:6:      layout_basic, regret_index_temple_of_mockery,
          mainiacjoe_overflow_boulevard, minmay_temple_entry_wispy,
          portal_sewer_entry_c, nicolae_benzene_ring, serial_bayou_pond_d,
          uniq_eustachio
D:7:      layout_rooms, cheibriados_altar_2

Skill      XL: |  1  2  3  4  5  6  7  8  9 |
---------------+----------------------------+-----
Axes           | 1 2 3 4 |  4.3
Armour         | 2 |  2.0
Dodging        | 1 2 3 |  3.5
Fighting       | 3 4 |  4.9
Poison Magic   | 1 2 3 4 |  4.4
Fire Magic     | 1 2 3 |  3.4
Transmutations | 1 2 3 |  3.2
Spellcasting   | 1 2 3 |  3.0
Conjurations   | 1 2 3 |  3.0
Air Magic      | 1 2 3 |  3.0
Evocations     | 2 3 |  3.5
Earth Magic    | 1 2 |  2.0
Short Blades   | |  2.0
Maces & Flails | |  2.0
Stealth        | |  1.5

Action                   |  1- 3 |  4- 6 |  7- 9 || total
-------------------------+-------+-------+-------++-------
Melee: Mace              |    72 |   196 |       ||   268
       Whip              |       |       |   251 ||   251
 Cast: Mephitic Cloud    |       |     5 |    38 ||    43
       Ignite Poison     |       |       |    19 ||    19
 Abil: Spit Poison       |     7 |    26 |    12 ||    45
Evoke: Wand              |       |       |     3 ||     3
  Use: Potion            |     1 |     1 |     7 ||     9
       Scroll            |       |       |     7 ||     7
 Stab: Sleeping          |     1 |       |       ||     1
       Distracted        |       |     1 |       ||     1
       Confused          |       |     1 |     3 ||     4
Armor: Ring mail         |    27 |    80 |       ||   107
       Skin              |     2 |    35 |       ||    37
       Robe              |       |    15 |   170 ||   185
Dodge: Dodged            |    31 |   100 |   242 ||   373
